AoeStats
← Slowcookerfastshooter

Hill Fort

505706017Analyzed
2v2 RM · 22d ago on Sep 10, 2026· 64m 58s· 4 players
Game mode
Random Map
Map size
Medium (4 player)
Population
200
Speed
Normal
Resources
Standard
Victory
Conquest
Starting age
Dark Age
Ending age
Imperial Age
RankedLock teamsTeams togetherTeam positionsShared explorationLock speedFull tech treeHidden civsTurbo modeCheats
Victory
Defeat
🇺🇦 Spanish · Ukraine
1213
+17
🇮🇹 Japanese · Italy
1179
+18
🇳🇱 Wei · Netherlands
1238
-18
🇳🇱 Hindustanis · Netherlands
1208
-17
Sealion42
10:25 Feudal Age
15:00 Castle Age
21:06 Loom
24:23 Double-Bit Axe
26:31 Horse Collar
28:11 Bow Saw
28:55 Heavy Plow
35:33 Wheelbarrow
39:23 Hand Cart
42:59 Imperial Age
44:30 Conscription
49:06 Town Watch
50:20 Scale Barding Armor
50:25 Forging
53:12 Chemistry
53:21 Hoardings
61:57 Chain Barding Armor
62:13 Iron Casting
62:03 Husbandry
63:17 Plate Barding Armor
63:17 Bloodlines
63:26 Light Cavalry
65:45 Blast Furnace
SNOWMAN
10:06 Feudal Age
10:47 Double-Bit Axe
10:52 Horse Collar
15:09 Bloodlines
18:25 Wheelbarrow
18:25 Forging
18:39 Scale Barding Armor
18:50 Loom
22:35 Town Watch
26:11 Castle Age
25:00 Scale Mail Armor
25:51 Gold Mining
27:27 Pikeman
29:04 Iron Casting
29:14 Squires
29:49 Husbandry
29:10 Light Cavalry
31:17 Chain Mail Armor
32:21 Arson
34:42 Town Patrol
36:35 Fletching
36:46 Padded Archer Armor
42:01 Chain Barding Armor
41:37 Bodkin Arrow
42:33 Bow Saw
47:17 Imperial Age
48:18 Heavy Plow
50:01 Blast Furnace
48:56 Halberdier
49:55 Capped Ram
53:20 Elite Samurai
54:22 Kataparuto
55:38 Plate Mail Armor
58:25 Conscription
59:09 Bracer
59:57 Parthian Tactics
59:38 Thumb Ring
60:56 Heavy Cavalry Archer
64:17 Two-Man Saw
63:53 Leather Archer Armor
Slowcookerfastshooter
5:07 Loom
11:01 Feudal Age
11:59 Double-Bit Axe
19:01 Castle Age
17:31 Horse Collar
17:48 Gold Mining
18:19 Stone Mining
21:13 Bow Saw
23:47 Scale Barding Armor
26:13 Forging
26:17 Bloodlines
26:52 Chain Barding Armor
27:22 Gold Shaft Mining
26:48 Heavy Plow
31:20 Stone Shaft Mining
34:26 Imperial Age
32:05 Town Watch
34:33 Wheelbarrow
34:10 Husbandry
34:02 Fletching
35:27 Iron Casting
34:46 Elite Tiger Cavalry
39:52 Parthian Tactics
40:04 Padded Archer Armor
40:00 Bodkin Arrow
40:16 Thumb Ring
40:43 Bracer
43:36 Chemistry
43:01 Ballistics
46:55 Murder Holes
49:20 Ming Guang Armor
55:49 Masonry
56:57 Light Cavalry
62:30 Hussar
Amor Fati
10:32 Feudal Age
9:40 Loom
11:03 Loom
12:10 Horse Collar
12:17 Double-Bit Axe
19:49 Castle Age
17:41 Fletching
19:03 Padded Archer Armor
19:04 Scale Mail Armor
27:32 Bow Saw
30:58 Forging
30:35 Elite Skirmisher
31:18 Pikeman
33:33 Bodkin Arrow
44:30 Heavy Plow
51:44 Imperial Age
52:20 Wheelbarrow
53:39 Scale Mail Armor
53:40 Bracer
54:43 Chain Mail Armor
54:19 Onager
58:33 Leather Archer Armor
59:44 Chemistry
59:49 Ballistics
61:23 Conscription
Connection lost

Rejoining the realm…

Still unreachable

The connection could not be restored.

Session expired

The server has moved on; the page needs a fresh start.